SAA
ASHEVILLE HIGHLANDERS @ CHESAPEAKE CONTINENTALS
08/11/2022
 
TOP OF THE 1ST
Asheville Highlanders batting - Pitching for Chesapeake Continentals : RHP Kyle McPherson
Pitching: RHP Kyle McPherson
Batting: RHB Armando Alvarado 0-0: Foul Ball, location: 2F
0-1: Ball
1-1: Fly out, F3 (Popup, 3SF)
Batting: LHB Floyd Long 0-0: Called Strike
0-1: Reached on error, E6 (Groundball, 6)
Batting: RHB Paco Vásquez 0-0: Ball
1-0: Ball
2-0: Foul Ball, location: 2F
2-1: Called Strike
2-2: Ball
3-2: Foul Ball, location: 2F
3-2: Grounds into double play, 6-4-3 (Groundball, 6M)
Top of the 1st over - 0 run(s), 0 hit(s), 1 error(s), 0 left on base; Asheville 0 - Chesapeake 0
BOTTOM OF THE 1ST
Chesapeake Continentals batting - Pitching for Asheville Highlanders : RHP Tobías Pérez
Pitching: RHP Tobías Pérez
Batting: SHB Juan Ortega 0-0: Ball
1-0: Ball
2-0: Ball
3-0: Base on Balls
Batting: RHB Walter Hurlson 0-0: Called Strike
0-1: Fly out, F7 (Flyball, 7D)
Batting: RHB Mike Peterson 0-0: Grounds into double play, U6-3 (Groundball, 6)
Bottom of the 1st over - 0 run(s), 0 hit(s), 0 error(s), 0 left on base; Asheville 0 - Chesapeake 0
TOP OF THE 2ND
Asheville Highlanders batting - Pitching for Chesapeake Continentals : RHP Kyle McPherson
Batting: RHB Thomas Morris 0-0: Called Strike
0-1: Ball
1-1: Called Strike
1-2: Strikes out swinging
Batting: LHB Anthony Trigg 0-0: Foul Ball, location: 2F
0-1: Fly out, F4 (Line Drive, 4)
Batting: SHB Gonzalo Valentín 0-0: Ball
1-0: Called Strike
1-1: Ball
2-1: Ball
3-1: Base on Balls
Batting: SHB Chris Cordell 0-0: Foul Ball, location: 2F
0-1: Called Strike
0-2: Ball
1-2: Ball
2-2: Fly out, F7 (Line Drive, 7LM)
Top of the 2nd over - 0 run(s), 0 hit(s), 0 error(s), 1 left on base; Asheville 0 - Chesapeake 0
BOTTOM OF THE 2ND
Chesapeake Continentals batting - Pitching for Asheville Highlanders : RHP Tobías Pérez
Batting: RHB Ju-chan Pak 0-0: Called Strike
0-1: Called Strike
0-2: Strikes out looking
Batting: RHB Brett Callison 0-0: Called Strike
0-1: Ball
1-1: SINGLE (Line Drive, 9S)
Batting: RHB Ken Miller 0-0: Ball
1-0: Called Strike
1-1: Ball
2-1: Called Strike
2-2: Strikes out swinging
Batting: RHB Scott Allison 0-0: Called Strike
0-1: Ball
Brett Callison steals 2nd base
1-1: Ground out 5-3 (Groundball, 5)
Bottom of the 2nd over - 0 run(s), 1 hit(s), 0 error(s), 1 left on base; Asheville 0 - Chesapeake 0
TOP OF THE 3RD
Asheville Highlanders batting - Pitching for Chesapeake Continentals : RHP Kyle McPherson
Batting: RHB Fernando Silva 0-0: Ball
1-0: Foul Ball, location: 2F
1-1: Called Strike
1-2: Ball
2-2: Foul Ball, location: 2F
2-2: SINGLE (Line Drive, 34)
Batting: LHB Imre Brincka 0-0: Ball
1-0: Ball
2-0: Called Strike
2-1: Fly out, F7 (Flyball, 7M)
Batting: RHB Armando Alvarado 0-0: Ball
1-0: Ball
2-0: Fly out, F9 (Flyball, 9M)
Batting: LHB Floyd Long 0-0: Ball
1-0: Ball
2-0: Called Strike
2-1: Ball
3-1: Base on Balls
Fernando Silva to second
Batting: RHB Paco Vásquez 0-0: Ball
1-0: Swinging Strike
1-1: Foul Ball, location: 2F
1-2: Strikes out swinging
Top of the 3rd over - 0 run(s), 1 hit(s), 0 error(s), 2 left on base; Asheville 0 - Chesapeake 0
BOTTOM OF THE 3RD
Chesapeake Continentals batting - Pitching for Asheville Highlanders : RHP Tobías Pérez
Batting: SHB Tim Roberts 0-0: Ball
1-0: Swinging Strike
1-1: Ball
2-1: Swinging Strike
2-2: Strikes out swinging
Batting: RHB Gabriel Guerrero 0-0: Swinging Strike
0-1: Ball
1-1: Ball
2-1: Called Strike
2-2: Strikes out swinging
Batting: SHB Juan Ortega 0-0: Foul Ball, location: 2F
0-1: Ball
1-1: Ball
2-1: Fly out, F2 (Popup, 2LF)
Bottom of the 3rd over - 0 run(s), 0 hit(s), 0 error(s), 0 left on base; Asheville 0 - Chesapeake 0
TOP OF THE 4TH
Asheville Highlanders batting - Pitching for Chesapeake Continentals : RHP Kyle McPherson
Batting: RHB Thomas Morris 0-0: Called Strike
0-1: Called Strike
0-2: Strikes out swinging
Batting: LHB Anthony Trigg 0-0: Ball
1-0: Called Strike
1-1: Foul Ball, location: 2F
1-2: Ball
2-2: Foul Ball, location: 2F
2-2: Foul Ball, location: 2F
2-2: Ground out 6-3 (Groundball, 6M)
Batting: SHB Gonzalo Valentín 0-0: Ball
1-0: Fly out, F6 (Popup, 6MS)
Top of the 4th over - 0 run(s), 0 hit(s), 0 error(s), 0 left on base; Asheville 0 - Chesapeake 0
BOTTOM OF THE 4TH
Chesapeake Continentals batting - Pitching for Asheville Highlanders : RHP Tobías Pérez
Batting: RHB Walter Hurlson 0-0: Called Strike
0-1: Bunt missed!
0-2: Ground out 5-3 (Groundball, 5L)
Batting: RHB Mike Peterson 0-0: Foul Ball, location: 2F
0-1: Ball
1-1: Ground out 4-3 (Groundball, 4M)
Batting: RHB Ju-chan Pak 0-0: DOUBLE (Groundball, 5L)
Batting: RHB Brett Callison 0-0: Swinging Strike
0-1: Called Strike
0-2: Strikes out swinging
Bottom of the 4th over - 0 run(s), 1 hit(s), 0 error(s), 1 left on base; Asheville 0 - Chesapeake 0
TOP OF THE 5TH
Asheville Highlanders batting - Pitching for Chesapeake Continentals : RHP Kyle McPherson
Batting: SHB Chris Cordell 0-0: Ball
1-0: Ball
2-0: Ball
3-0: Base on Balls
Batting: RHB Fernando Silva 0-0: Fly out, F4 (Popup, 4MD)
Batting: LHB Imre Brincka 0-0: Fly out, F7 (Flyball, 7M)
Batting: RHB Armando Alvarado 0-0: Ball
1-0: Called Strike
1-1: Foul Ball, location: 2F
1-2: Ball
2-2: SINGLE (Groundball, 6MD)
Chris Cordell to second
Runner from 2nd tries for 3rd, SAFE, throw made to third
Armando Alvarado to second
Batting: LHB Floyd Long 0-0: Fly out, F9 (Flyball, 9M)
Top of the 5th over - 0 run(s), 1 hit(s), 0 error(s), 2 left on base; Asheville 0 - Chesapeake 0
BOTTOM OF THE 5TH
Chesapeake Continentals batting - Pitching for Asheville Highlanders : RHP Tobías Pérez
Batting: RHB Ken Miller 0-0: Called Strike
0-1: Fly out, F9 (Flyball, 9M)
Batting: RHB Scott Allison 0-0: Called Strike
0-1: Ball
1-1: Called Strike
1-2: Ball
2-2: Ground out 4-3 (Groundball, 4M)
Batting: SHB Tim Roberts 0-0: Fly out, F9 (Flyball, 8RM)
Bottom of the 5th over - 0 run(s), 0 hit(s), 0 error(s), 0 left on base; Asheville 0 - Chesapeake 0
TOP OF THE 6TH
Asheville Highlanders batting - Pitching for Chesapeake Continentals : RHP Kyle McPherson
Batting: RHB Paco Vásquez 0-0: Ball
1-0: Ball
2-0: Ball
3-0: Called Strike
3-1: Fly out, F8 (Flyball, 8RS)
Batting: RHB Thomas Morris 0-0: Ball
1-0: Foul Ball, location: 2F
1-1: Ball
2-1: Called Strike
2-2: Strikes out looking
Batting: LHB Anthony Trigg 0-0: Called Strike
0-1: Foul Ball, location: 2F
0-2: Ball
1-2: Strikes out swinging
Top of the 6th over - 0 run(s), 0 hit(s), 0 error(s), 0 left on base; Asheville 0 - Chesapeake 0
BOTTOM OF THE 6TH
Chesapeake Continentals batting - Pitching for Asheville Highlanders : RHP Tobías Pérez
Batting: RHB Gabriel Guerrero 0-0: Ball
1-0: Ball
2-0: Called Strike
2-1: Ground out 5-3 (Groundball, 5S)
Batting: SHB Juan Ortega 0-0: Foul Ball, location: 2F
0-1: Ball
1-1: Ball
2-1: Ball
3-1: Base on Balls
Batting: RHB Walter Hurlson 0-0: Ball
1-0: Fly out, F7 (Flyball, 7S)
Batting: RHB Mike Peterson 0-0: Called Strike
Juan Ortega is caught stealing 2nd base
Bottom of the 6th over - 0 run(s), 0 hit(s), 0 error(s), 0 left on base; Asheville 0 - Chesapeake 0
TOP OF THE 7TH
Asheville Highlanders batting - Pitching for Chesapeake Continentals : RHP Kyle McPherson
Batting: SHB Gonzalo Valentín 0-0: Ball
1-0: SINGLE (Flyball, 7S)
Batting: SHB Chris Cordell 0-0: Bunted foul
0-1: Reached on error, E1 (Groundball, 13S)
Gonzalo Valentín to second
Batting: RHB Fernando Silva 0-0: Ball
1-0: Bunt missed!
1-1: Bunt missed!
1-2: Grounds into double play, U4-3 (Groundball, 4)
Gonzalo Valentín to third
Pinch Hitting: RHB Claudio Torres 0-0: Ball
1-0: Called Strike
1-1: Called Strike
1-2: Foul Ball, location: 2F
1-2: Fly out, F6 (Line Drive, 6)
Top of the 7th over - 0 run(s), 1 hit(s), 1 error(s), 1 left on base; Asheville 0 - Chesapeake 0
BOTTOM OF THE 7TH
Chesapeake Continentals batting - Pitching for Asheville Highlanders : RHP Tobías Pérez
Now at 3B: Armando González
Batting: RHB Mike Peterson 0-0: Ball
1-0: Called Strike
1-1: Reached on error, E5 (Groundball, 56S)
Batting: RHB Ju-chan Pak 0-0: SINGLE (Groundball, 3S)
Mike Peterson to third
Batting: RHB Brett Callison 0-0: Ball
1-0: Ball
2-0: Ball
3-0: Called Strike
3-1: Swinging Strike
3-2: Ground out 6-3 (Groundball, 6)
Ju-chan Pak to second
Batting: RHB Ken Miller 0-0: Intentional Walk
Batting: RHB Scott Allison 0-0: Ball
1-0: Called Strike
1-1: Foul Ball, location: 2F
1-2: Foul Ball, location: 2F
1-2: Foul Ball, location: 2F
1-2: DOUBLE (Flyball, 89M)
Mike Peterson scores
Ju-chan Pak scores
Ken Miller to third
Runner from 3rd tries for Home, throw and OUT!
Batting: SHB Tim Roberts 0-0: Ground out U3 (Groundball, 3S)
Bottom of the 7th over - 2 run(s), 2 hit(s), 1 error(s), 1 left on base; Asheville 0 - Chesapeake 2
TOP OF THE 8TH
Asheville Highlanders batting - Pitching for Chesapeake Continentals : RHP Kyle McPherson
Batting: RHB Armando Alvarado 0-0: Ball
1-0: Ball
2-0: Ball
3-0: Called Strike
3-1: Called Strike
3-2: Fly out, F8 (Flyball, 8RS)
Pitching: RHP Jim Unknown
Batting: LHB Floyd Long 0-0: Ball
1-0: Ball
2-0: Ball
3-0: Base on Balls
Batting: RHB Paco Vásquez 0-0: Ball
1-0: SINGLE (Groundball, 6MD)
Floyd Long to second
Pinch Runner at 2nd Jafar Taha:
Pinch Hitting: RHB José Rivera 0-0: Ball
1-0: Fly out, F8 (Flyball, 8RM)
Batting: LHB Anthony Trigg 0-0: Ground out 5-3 (Groundball, 5S)
Top of the 8th over - 0 run(s), 1 hit(s), 0 error(s), 2 left on base; Asheville 0 - Chesapeake 2
BOTTOM OF THE 8TH
Chesapeake Continentals batting - Pitching for Asheville Highlanders : RHP Tobías Pérez
Now at 1B: Jafar Taha
Now in LF: José Rivera
Batting: RHB Gabriel Guerrero 0-0: Ground out 6-3 (Groundball, 6)
Batting: SHB Juan Ortega 0-0: Foul Ball, location: 2F
0-1: SOLO HOME RUN (Flyball, 8RXD), Distance : 440 ft
Batting: RHB Walter Hurlson 0-0: Ground out 6-3 (Groundball, 6)
Batting: RHB Mike Peterson 0-0: Called Strike
0-1: Called Strike
0-2: Ball
1-2: Ball
2-2: Strikes out looking
Bottom of the 8th over - 1 run(s), 1 hit(s), 0 error(s), 0 left on base; Asheville 0 - Chesapeake 3
TOP OF THE 9TH
Asheville Highlanders batting - Pitching for Chesapeake Continentals : RHP Jim Unknown
Batting: SHB Gonzalo Valentín 0-0: Ball
1-0: Foul Ball, location: 2F
1-1: Ball
2-1: Foul Ball, location: 2F
2-2: Ball
3-2: Foul Ball, location: 2F
3-2: SINGLE (Groundball, 56)
Batting: SHB Chris Cordell 0-0: Called Strike
0-1: Ball
1-1: Swinging Strike
1-2: Strikes out swinging
Batting: RHB Fernando Silva 0-0: Called Strike
0-1: Foul Ball, location: 2F
0-2: Ball
1-2: Fly out, F5 (Line Drive, 5L)
1-2: Fly out, F5 (Line Drive, 5L)
Batting: RHB Armando González 0-0: Ball
1-0: Called Strike
1-1: Ball
2-1: SINGLE (Groundball, 56D)
Gonzalo Valentín to second
Batting: RHB Armando Alvarado 0-0: Swinging Strike
0-1: Ball
1-1: Ground out 4-3 (Groundball, 4)
Top of the 9th over - 0 run(s), 2 hit(s), 0 error(s), 2 left on base; Asheville 0 - Chesapeake 3
This league is powered by Out of the Park Baseball, the baseball management simulation game for PC, Mac and Linux
Friday, April 15th, 2016 - OOTP Baseball 16.9 Build 39